Map: Overgrown Facility

Players

Taldan - Winner!

  • Race: Protoss Protoss
  • League: Master
  • Spawn Location: 9:00

Stealthy - Winner!

  • Race: Protoss Protoss
  • Spawn Location: 7:00

OpuS

  • Race: Protoss Protoss
  • League: Platinum
  • Spawn Location: 3:00

Sketchaphone

  • Race: Zerg Zerg
  • League: Platinum
  • Spawn Location: 1:00

VOD

Have the link to the VOD?

Description

Time

  • Played on: Feb. 21, 2019, 9:30 p.m.
  • Length: 7:55
Show
View Real Time Build Order
Export as new Build Order

Taldan Protoss - Winner!

Build Orders:  

Get SALT Encoding   

  12  0:03  Probe  
  13  0:17  Pylon  
  13  0:22  Probe  
  14  0:34  Probe  
  15  0:36  Gateway  
  15  0:46  Probe  
  16  0:57  Pylon  
  16  0:58  Probe  
  16  0:59  Assimilator  
  17  1:06  Probe  
  18  1:16  Gateway  
  18  1:40  Cybernetics Core  
  18  1:52  Probe  
  19  2:01  Pylon  
  19  2:02  Probe  
  20  2:20  Pylon  
  20  2:22  Stalker  
  22  2:27  Stalker  
  24  2:33  Pylon  
  24  2:37  Pylon  
  24  2:47  Assimilator  
  24  2:49  Probe  
  25  2:52  Zealot, Warp Gate  
  25  2:55  Stalker  
  29  3:01  Probe  
  30  3:29  Stalker  
  30  3:39  Stalker  
  34  3:45  Probe  
  33  4:00  Stalker  
  35  4:07  Stalker  
  37  4:14  Gateway  
  37  4:16  Probe  
  36  4:29  Stalker  
  35  5:03  Stalker  
  31  5:24  Stalker x2  
  33  5:35  Stalker  
  33  5:46  Robotics Facility  
  33  6:10  Pylon  
  31  6:12  Pylon  
  29  6:23  Stalker  
  31  6:28  Pylon  
  31  6:29  Stalker  
  31  6:30  Stalker, Pylon  
  34  6:48  Gateway  
  34  6:49  Stalker  
  32  7:04  Warp Prism  
  32  7:06  Stalker x2  
  38  7:22  Stalker  
  40  7:31  Stalker x2  
Show
View Real Time Build Order
Export as new Build Order

Stealthy Protoss - Winner!

Build Orders:  

Get SALT Encoding   

  12  0:00  Probe  
  13  0:12  Probe  
  14  0:18  Pylon  
  14  0:23  Probe  
  15  0:32  Probe  
  15  0:39  Gateway  
  15  0:40  Probe  
  16  0:49  Assimilator  
  17  0:57  Pylon  
  17  1:01  Probe  
  18  1:13  Probe  
  18  1:15  Gateway  
  19  1:25  Zealot  
  19  1:32  Cybernetics Core  
  21  1:43  Pylon  
  21  1:51  Pylon  
  21  1:59  Stalker, Probe  
  22  2:10  Stalker  
  26  2:16  Pylon  
  26  2:38  Stalker  
  28  2:55  Probe  
  28  2:56  Assimilator  
  29  2:58  Stalker  
  31  3:09  Gateway  
  31  3:12  Gateway  
  31  3:13  Stalker  
  31  3:28  Probe  
  31  3:33  Pylon  
  32  3:40  Stalker  
  34  3:58  Stalker  
  36  4:05  Warp Gate  
  36  4:08  Stalker  
  36  4:09  Zealot  
  40  4:20  Pylon  
  40  4:25  Stalker  
  42  4:39  Shield Battery  
  42  4:40  Shield Battery  
  38  4:49  Stalker  
  38  4:54  Stalker  
  31  5:14  Stalker  
  35  5:47  Pylon  
  33  5:53  Stalker  
  33  5:54  Stalker x2  
  33  5:55  Stalker  
  41  6:09  Pylon  
  39  6:31  Stalker  
  39  6:32  Stalker x3  
  39  7:00  Stalker x4  
  41  7:18  Pylon  
  41  7:22  Pylon  
  41  7:25  Stalker x2, Zealot  
  41  7:26  Zealot  
  43  7:49  Stalker x2  
  43  7:50  Stalker  
  45  7:51  Zealot  
Show
View Real Time Build Order
Export as new Build Order

OpuS Protoss 

Build Orders:  

Get SALT Encoding   

  12  0:01  Probe  
  13  0:13  Probe  
  14  0:21  Pylon  
  14  0:26  Probe  
  15  0:41  Probe  
  15  0:43  Gateway  
  15  0:49  Probe  
  16  0:51  Assimilator  
  16  0:56  Assimilator  
  17  0:58  Probe  
  18  1:13  Probe  
  19  1:28  Forge  
  19  1:30  Zealot  
  21  1:33  Pylon  
  21  1:53  Probe  
  22  1:57  Cybernetics Core  
  22  2:04  Zealot  
  24  2:23  Probe  
  25  2:30  Gateway  
  25  2:48  Sentry  
  25  2:49  Warp Gate  
  23  2:51  Photon Cannon  
  23  3:07  Photon Cannon  
  23  3:17  Stalker  
  25  3:28  Robotics Facility  
  25  3:41  Probe  
  26  3:49  Probe  
  26  3:52  Stalker x2  
  31  4:09  Pylon  
  31  4:11  Pylon  
  31  4:27  Immortal  
  35  4:37  Shield Battery  
  33  4:46  Stalker  
  33  4:47  Stalker  
  31  5:15  Immortal  
  31  5:19  Pylon  
  31  5:21  Pylon  
  31  5:24  Pylon  
  19  6:01  Stalker  
  19  6:03  Sentry  
Show
View Real Time Build Order
Export as new Build Order

Sketchaphone Zerg 

Build Orders: Hatch First 

Get SALT Encoding   

  12  0:01  Drone  
  13  0:13  Overlord  
  13  0:18  Drone  
  14  0:26  Drone, Extractor  
  15  0:34  Drone  
  15  0:35  Drone  
  17  0:57  Hatchery  
  16  1:09  Spawning Pool  
  15  1:28  Drone  
  15  1:29  Drone  
  15  1:31  Extractor  
  16  1:33  Drone  
  17  1:42  Drone  
  18  2:00  Drone  
  19  2:02  Queen  
  19  2:03  Zergling x2  
  22  2:09  Zergling x2  
  23  2:24  Drone x2  
  23  2:25  Overlord  
  23  2:27  Queen  
  27  2:36  Spine Crawler  
  25  2:38  Drone  
  26  2:48  Drone  
  26  2:49  Drone x2  
  29  2:58  Spine Crawler  
  28  3:01  Roach Warren  
  27  3:23  Spine Crawler  
  26  3:27  Zergling x14  
  33  3:41  Roach  
  33  3:43  Roach  
  33  3:59  Drone  
  33  4:00  Roach  
  35  4:04  Drone, Extractor  
  35  4:06  Overlord  
  35  4:11  Drone  
  35  4:15  Overlord  
  31  4:44  Roach  
  33  4:50  Spawning Pool, Roach  
  34  5:06  Roach  
  34  5:07  Roach  
  38  5:16  Roach x2  
  38  5:19  Drone x3  
  45  5:21  Drone  
  45  5:23  Roach  
  45  5:26  Overlord  
  48  5:45  Roach x4  
  48  5:46  Roach  
  48  5:48  Drone  
  59  6:07  Metabolic Boost  
  59  6:10  Overlord  
  59  6:13  Overlord  
  59  6:14  Overlord  
  56  6:34  Roach x4  
  64  6:41  Roach x2  
  64  6:57  Roach x4, Zergling x2  
  65  7:08  Roach  
  59  7:14  Roach x2  
  44  7:33  Ravager  
Tags
 
Add a new tag
Caveats
  • Supply blocks, unpowered buildings, or Contaminate may cause inaccurate times.
  • Supply counts are checked every 10 seconds.